 Dungeon Crawl Stone Soup version 0.30-a0-509-gd016549fea (webtiles) character file.

Game seed: 408268003211460617

241 M4edhros the Poker (level 6, -1/36 (43) HPs)
             Began as an Octopode Chaos Knight on Dec 22, 2022.
             Was a Plaything of Xom.
             Slain by a necrophage (7 damage)
             ... on level 3 of the Dungeon.
             The game lasted 00:02:11 (1601 turns).

M4edhros the Poker (Octopode Chaos Knight)          Turns: 1601, Time: 00:02:11

HP:   -1/36 (43)    AC:  1    Str: 12    XL:     6   Next: 8%
MP:   6/6           EV: 14    Int: 14    God:    Xom [..*...]
Gold: 141           SH:  0    Dex: 13    Spells: 5/5 levels left

rFire   . . .      SeeInvis .    a - +0 spear (chaos)
rCold   . . .      Faith    .    (no shield)
rNeg    . . .      Spirit   .    (helmet restricted)
rPois   .          Reflect  .    (no amulet)
rElec   .          Harm     .    (no ring)
rCorr   .          Rampage  .    (no ring)
Will    .....                    (no ring)
Stlth   +++.......               (no ring)
HPRegen 0.26/turn                (no ring)
MPRegen 0.10/turn                (no ring)
                                 (no ring)
                                 (no ring)

@: hasted, heavily drained, very quick
A: almost no armour, amphibious, 8 rings, camouflage 1, gelatinous body 1,
(nimble swimmer 1), tentacles
a: Renounce Religion


You were on level 3 of the Dungeon.
You worshipped Xom.
You were a toy of Xom.
You visited 1 branch of the dungeon, and saw 3 of its levels.

You collected 141 gold pieces.

Inventory:

Hand Weapons
 a - a +0 spear of chaos (weapon)
Jewellery
 k - a +6 ring of dexterity
Scrolls
 c - a scroll of noise {unknown}
 e - a scroll of identify {unknown}
 f - a scroll of enchant weapon {unknown}
 g - a scroll of vulnerability {unknown}
 l - a scroll of teleportation {unknown}
 n - a scroll of amnesia {unknown}
Potions
 d - a potion of invisibility {unknown}
 h - a potion of attraction {unknown}
 i - a potion of berserk rage {unknown}
 j - a potion of experience {unknown}
 m - a potion of flight {unknown}
 o - a potion of brilliance {unknown}
Miscellaneous
 b - a piece from Xom's chessboard (15/15) (quivered)


   Skills:
 + Level 4.0 Fighting
 * Level 4.7 Polearms
 + Level 3.4 Dodging
 + Level 3.5 Stealth


You had 5 spell levels left.
You didn't know any spells.
Your spell library was empty.

Dungeon Overview and Level Annotations

Branches:
Dungeon (3/15)

Altars:
Hepliaklqana

Shops:
D:2 :


Innate Abilities, Weirdness & Mutations

You cannot wear most types of armour.
You are amphibious.
You can wear up to eight rings at the same time.
Your skin changes colour to match your surroundings (Stealth+).
Your rubbery body absorbs attacks. (AC +1, EV +1)
((You are camouflaged when in or above water. (Stealth+)))
You have tentacles for arms and can constrict up to eight enemies at once.


Message History

Deactivating autopickup; reactivate with Ctrl-A.
No target in view!
There is a strange disturbance nearby!
No target in view!
There is a strange disturbance nearby!
You swing at nothing.
You hit something. You freeze something. Something hits you.
You feel drained.
You hit something but do no damage. Something barely misses you.
You hit something but do no damage.
Nothing appears to happen.
Something hits you.
You closely miss something. Something hits you.
You feel drained.
You miss something. Something hits you but does no damage.
You completely miss something. You hit something.
Xom thinks this is hilarious!
Nothing appears to happen.
Something hits you but does no damage. Something hits you.
You barely miss something. You squeeze something.
Something hits you but does no damage.
You miss something. Something hits you.
You hit something but do no damage.
Space warps around something.
Something barely misses you. Something hits you.
You hit something. Your squeeze misses something. Something hits you.
You feel drained.
* * * LOW HITPOINT WARNING * * *
Something hits you.
* * * LOW HITPOINT WARNING * * *
You feel drained.
* * * LOW HITPOINT WARNING * * *
That's the wrong kind of item! (Use * to select it.) Evoke which item? (* to show all) (? for menu, Esc to quit)
Okay, then.
You don't have any such object.
Evoke which item? (* to show all) (? for menu, Esc to quit)
Okay, then.
It was a potion of haste.
You feel yourself speed up. Something barely misses you. Something hits you!
You die... "Huh?
Did I miss anything?"

### #<# #.# ###
#.# #.# #.# #.#
#.# #.###### #.#
###..@...# #.#
..#.####.#####.#
#.#.# #.......#
#{#.############
#.#.........
#...........
#.########## #.
#.


There were no monsters in sight!

Vanquished Creatures
  Sigmund (D:2)
  Terence (D:2)
  An adder (D:2)
  3 dart slugs
  2 ball pythons (D:1)
  4 bats
  4 endoplasms
  2 giant cockroaches (D:1)
  2 goblins
  A hobgoblin (D:1)
  5 jackals
  5 kobolds
  A rat (D:1)
32 creatures vanquished.

Notes
Turn   | Place    | Note
-------+----------+-------------------------------------------
     0 | D:1      | M4edhros the Octopode Chaos Knight began the quest for the
                  | Orb.
     0 | D:1      | Reached XP level 1. HP: 16/16 MP: 1/1
   217 | D:1      | Reached XP level 2. HP: 20/21 MP: 2/2
   219 | D:1      | Reached skill level 1 in Stealth
   295 | D:1      | XOM: butterfly on damage
   477 | D:1      | Reached XP level 3. HP: 26/26 MP: 3/3
   710 | D:2      | XOM: divination: detect items
   735 | D:2      | Found Hodinen's Book Boutique.
  1174 | D:2      | Found a hazy altar of Hepliaklqana.
  1200 | D:2      | Noticed Sigmund
  1203 | D:2      | XOM: enchant monster (good)
  1213 | D:2      | Killed Sigmund
  1214 | D:2      | Reached XP level 4. HP: 23/33 MP: 4/4
  1214 | D:2      | Reached XP level 5. HP: 26/37 MP: 5/5
  1510 | D:2      | Noticed Terence
  1522 | D:2      | Killed Terence
  1523 | D:2      | Reached XP level 6. HP: 38/43 MP: 6/6
  1601 | D:3      | Slain by a necrophage

Illustrated notes

Levels and vault maps discovered:
D:1:      spicycebolla_arrival_ecumenical, layout_rooms, minmay_misc_feat_alley,
          minmay_door_square, hangedman_feature_mirror, minmay_tromino_v4_a
D:2:      layout_basic, basic_altar, serial_shops, nicolae_shop_trees,
          uniq_sigmund, uniq_terence
D:3:      layout_basic, uniq_robin

Skill      XL: |  1  2  3  4  5 |
---------------+----------------+-----
Stealth        | 1 3 |  3.5
Polearms       | 4 |  4.7
Dodging        | 3 |  3.4
Fighting       | 4 |  4.0

Action                   |  1- 3 |  4- 6 || total
-------------------------+-------+-------++-------
Melee: Spear             |    68 |    23 ||    91
       Constrict         |    12 |     2 ||    14
       Tentacles         |    11 |     5 ||    16
       Punch             |     1 |       ||     1
  Use: Potion            |       |     1 ||     1
 Stab: Sleeping          |     5 |     5 ||    10
       Petrifying        |     2 |       ||     2
       Paralysed         |     1 |       ||     1
       Distracted        |     1 |       ||     1
Armor: Skin              |     4 |     3 ||     7
Dodge: Dodged            |    21 |     5 ||    26

Table legend: (Time is in decaauts)
 A = Elapsed time spent in this place.
 B = Non-inter-level travel time spent in this place.
 C = Inter-level travel time spent in this place.
 D = Time resting spent in this place.
 E = Time spent auto-exploring this place.
 F = Levels seen in this place.
 G = Mean time per level.
                   A        B        C        D        E       F      G
               +--------+--------+--------+--------+--------+-----+--------+
         Total |   1592 |   1572 |     20 |      0 |   1330 |   3 |  530.7 |
       Dungeon |   1592 |   1572 |     20 |      0 |   1330 |   3 |  530.7 |
               +--------+--------+--------+--------+--------+-----+--------+

Top non-repeatable levels by time:
     D:2: 869 daAuts
     D:1: 676 daAuts
     D:3: 46 daAuts
